[Event "January 9 Late 2024"]
[Site "https://www.chess.com"]
[Date "2024.01.09"]
[Round "5"]
[White "Antonio, Jorge Carlos"]
[Black "Thake, Conrad"]
[Result "1/2-1/2"]
[Board "195"]
[TimeControl "180+1"]
[WhiteFideId "113190"]
[BlackFideId "5602947"]
[WhiteElo "2313"]
[BlackElo "1847"]
[WhiteTeam "ARG"]
[BlackTeam "MLT"]
[WhiteClock "0:00:20"]
[BlackClock "0:00:14"]

1. d4 Nf6 2. Nf3 e6 3. Bf4 d5 4. e3 c5 5. c3 Qb6 6. Qb3 Nc6 7. Ne5 Bd7 8. Nxd7 Nxd7 9. Nd2 Be7 10. Be2 O-O 11. O-O Nf6 12. Qc2 cxd4 13. exd4 Rac8 14. Qb3 Qxb3 15. axb3 a6 16. Bd3 h6 17. Rfe1 Rfd8 18. b4 Ra8 19. Nb3 Nd7 20. Nc5 Nxc5 21. bxc5 g5 22. Be3 Kg7 23. b4 Bf6 24. f4 Re8 25. fxg5 hxg5 26. Bf2 e5 27. dxe5 Nxe5 28. Bf5 Nc4 29. Rxe8 Rxe8 30. Rd1 Bxc3 31. Rxd5 Ne3 32. Bxe3 Rxe3 33. Kf2 Re5 34. Rxe5 Bxe5 35. Bd3 Bc3 36. b5 axb5 37. Bxb5 Bd4+ 38. Kf3 Bxc5 39. g4 f6 40. Ke4 b6 41. Kf5 Bg1 42. h3 Bc5 43. Ke6 Bg1 44. Bc6 Bc5 45. Bb5 Bg1 46. Kf5 Bc5 47. Ke6 1/2-1/2

[Event "January 9 Late 2024"]
[Site "https://www.chess.com"]
[Date "2024.01.09"]
[Round "5"]
[White "Diaz, Fernando"]
[Black "Gulamirian, Korun"]
[Result "1-0"]
[Board "196"]
[TimeControl "180+1"]
[WhiteFideId "3701255"]
[BlackFideId "4144899"]
[WhiteElo "2309"]
[BlackElo "1637"]
[WhiteTeam "PAR"]
[BlackTeam "RUS"]
[WhiteClock "0:00:58"]
[BlackClock "0:00:02"]

1. e4 c5 2. d4 cxd4 3. c3 dxc3 4. Nxc3 Nc6 5. Bc4 e6 6. Nf3 Bb4 7. O-O Nge7 8. Nb5 d6 9. a3 Bc5 10. b4 Bb6 11. Nxd6+ Kf8 12. Ng5 Ne5 13. Bb3 h6 14. Nf3 Nxf3+ 15. gxf3 Bd7 16. Bb2 Qc7 17. Rc1 Bc6 18. b5 Rd8 19. e5 Nd5 20. bxc6 bxc6 21. Bd4 Qe7 22. Bxb6 axb6 23. Bxd5 cxd5 24. f4 g5 25. Qf3 f5 26. Rc6 Rg8 27. Rfc1 gxf4+ 28. Kh1 Qg7 29. Rc7 Qg4 30. Rf7# 1-0

[Event "January 9 Late 2024"]
[Site "https://www.chess.com"]
[Date "2024.01.09"]
[Round "5"]
[White "Coca Cubillos, Jesus Alberto"]
[Black "Skaric, Djuro"]
[Result "1/2-1/2"]
[Board "197"]
[TimeControl "180+1"]
[WhiteFideId "4462912"]
[BlackFideId "934569"]
[WhiteElo "2522"]
[BlackElo "2296"]
[WhiteTeam "COL"]
[BlackTeam "SRB"]
[WhiteClock "0:00:39"]
[BlackClock "0:00:16"]

1. f4 d6 2. Nf3 g6 3. d4 Bg7 4. e3 Nf6 5. Bd3 O-O 6. O-O Nc6 7. c3 e5 8. Bc2 e4 9. Ne1 h5 10. h3 d5 11. Nd2 Ne7 12. Rf2 h4 13. Nf1 Nf5 14. b3 Nh5 15. Qe2 c6 16. Ba3 Re8 17. Rc1 Nfg3 18. Qd2 g5 19. Nxg3 hxg3 20. Rf1 g4 21. Bd1 gxh3 22. Bxh5 Qh4 23. Bxf7+ Kxf7 24. f5 Bf6 25. Bd6 Bd7 26. c4 hxg2 27. Qxg2 Rg8 28. cxd5 Rg4 29. Rf4 Rag8 30. dxc6 bxc6 31. d5 cxd5 32. Rc7 Ke8 33. Qc2 Qh2+ 34. Qxh2 gxh2+ 35. Kh1 Rg1+ 36. Kxh2 Rxe1 37. Rxa7 Rxe3 38. Bc5 Be5 39. Bxe3 d4 40. Ra8+ Kf7 41. Rxg8 Kxg8 42. Bc1 e3 43. Kg3 Bxf5 44. Kf3 Bxf4 45. Kxf4 e2 46. Bd2 Bb1 47. a3 Kf7 48. Ke5 d3 49. b4 Bc2 50. b5 Ke7 51. b6 Kd7 52. Kd5 Ba4 53. Kc4 Kc6 54. Kxd3 Bb5+ 55. Ke3 Kxb6 56. Be1 Bc4 57. Kd4 Bb5 58. Kc3 Ka6 59. Kd2 Bc4 60. Bh4 Bb5 61. Be7 Bc4 62. Ke1 Bb5 63. Bb4 Bc4 64. Bd2 Bb5 65. Bb4 Bc4 66. Kd2 Bb5 67. Ke3 Bc4 68. Kd4 Bb5 69. Kc5 Bd3 70. Be1 Bb5 71. Kd4 Ba4 72. Kc4 Bb5+ 73. Kb4 Ka7 74. a4 Ka8 75. Kxb5 Kb7 76. a5 Ka8 77. Kc4 Kb8 78. Kd3 Kb7 79. Kxe2 Ka6 80. Kd3 Ka7 81. Kc4 Kb7 82. Kb5 Ka8 83. Ka6 Kb8 84. Bf2 Ka8 85. Kb6 Kb8 86. Kc6 Ka8 87. Kc7 1/2-1/2

[Event "January 9 Late 2024"]
[Site "https://www.chess.com"]
[Date "2024.01.09"]
[Round "5"]
[White "Kappeler, Kaspar"]
[Black "Argandona Riveiro, Inigo"]
[Result "1-0"]
[Board "198"]
[TimeControl "180+1"]
[WhiteFideId "1309072"]
[BlackFideId "2212072"]
[WhiteElo "2255"]
[BlackElo "2390"]
[WhiteTeam "SUI"]
[BlackTeam "ESP"]
[WhiteClock "0:00:05"]
[BlackClock "0:00:00"]

1. d4 d6 2. Nf3 Nf6 3. c4 Nbd7 4. Nc3 e5 5. e4 Be7 6. Be2 O-O 7. O-O exd4 8. Nxd4 Re8 9. f3 Bf8 10. Be3 c6 11. Qd2 a5 12. Rad1 g6 13. Kh1 Qe7 14. b3 d5 15. cxd5 cxd5 16. Ndb5 dxe4 17. Nc7 exf3 18. Rxf3 Ne5 19. Nxe8 Nxe8 20. Rff1 Bg4 21. Nd5 Qh4 22. Bg5 Qh5 23. Bb5 Bxd1 24. Bxe8 Ng4 25. Bxf7+ Kh8 26. h3 Bg7 27. Nf4 Qxg5 28. Nxg6+ Qxg6 29. Bxg6 hxg6 30. Qxd1 Ne3 31. Qe2 Nxf1 32. Qxf1 Rf8 33. Qe2 Bd4 34. g3 b6 35. Kg2 Bc5 36. Qd3 Rf2+ 37. Kh1 Kg7 38. h4 Kh6 39. a4 Kg7 40. Qd7+ Kh6 41. Qd3 Kg7 42. g4 Kh6 43. h5 gxh5 44. gxh5 Kxh5 45. Qh3+ Kg5 46. Qg3+ Kf5 47. Qd3+ Kg4 48. Qc4+ Kf3 49. Qd3+ Kf4 50. Qc4+ Kf3 51. Qf7+ Ke2 52. Qe6+ Be3 53. Qc4+ Ke1 54. Qc3+ Ke2 55. Qc4+ Ke1 56. Qc3+ Ke2 57. Kg1 Rf1+ 58. Kg2 Rf2+ 59. Kg3 Rf3+ 60. Kg4 Rf4+ 61. Kh5 Rf5+ 62. Kg6 Rg5+ 63. Kf6 Rg3 64. Qc2+ Kf3 65. Kf5 Rg5+ 66. Ke6 Rg3 67. Kd6 Bc5+ 68. Kc6 Rg2 69. Qc4 Kg3 70. Qd5 Rf2 71. Qg5+ Kf3 72. Qf5+ Ke2 73. Qd5 Kf1 74. Qc4+ Kg2 75. Kb5 Kg3 76. Qd5 Kg4 77. Qe6+ Kg3 78. Qg6+ Kf3 79. Qd3+ Kg2 80. Qc4 Kg3 81. Qd5 Kf4 82. Qc6 Kg3 83. Qd7 Kf4 84. b4 axb4 85. a5 Be3 86. a6 1-0

[Event "January 9 Late 2024"]
[Site "https://www.chess.com"]
[Date "2024.01.09"]
[Round "5"]
[White "Nita, Lucian"]
[Black "Awoki, Daniel Teidi"]
[Result "1-0"]
[Board "199"]
[TimeControl "180+1"]
[WhiteFideId "1206923"]
[BlackFideId "2100827"]
[WhiteElo "2302"]
[BlackElo "2454"]
[WhiteTeam "ROU"]
[BlackTeam "BRA"]
[WhiteClock "0:00:10"]
[BlackClock "0:00:06"]

1. e4 c5 2. Nf3 g6 3. d4 cxd4 4. Qxd4 Nf6 5. e5 Nc6 6. Qc4 d5 7. exd6 Qxd6 8. Nc3 Bg7 9. Bf4 e5 10. Rd1 Qe7 11. Be3 Be6 12. Qb5 a6 13. Qb6 Qb4 14. Be2 Nd5 15. Qxb4 Ndxb4 16. Rd2 Bf5 17. Bd1 e4 18. Nd4 Nxd4 19. Bxd4 O-O 20. Bxg7 Kxg7 21. a3 Nc6 22. g4 Be6 23. Nxe4 Rfe8 24. O-O Bc4 25. Re1 f5 26. Rd7+ Kf8 27. gxf5 gxf5 28. Bh5 Rxe4 29. Rxe4 fxe4 30. Rxb7 Rb8 31. Rc7 Ne5 32. b3 Be6 33. Rxh7 Rd8 34. Ra7 Nf3+ 35. Kg2 Rd1 36. Bxf3 exf3+ 37. Kxf3 Rd2 38. Rc7 Bf5 39. Ke3 Rxc2 40. Rxc2 Bxc2 41. b4 Ba4 42. Kd4 Ke7 43. Kc5 Kd7 44. Kb6 Bb5 45. a4 Bd3 46. b5 axb5 47. axb5 Ke6 48. Kc6 Kf5 49. b6 Kf4 50. b7 Be4+ 51. Kc7 Bxb7 52. Kxb7 Kf3 53. h3 Kf4 54. Kc6 Kg5 55. Kd5 Kh4 56. Ke5 Kxh3 57. f4 Kg4 58. f5 Kg5 59. f6 Kg6 60. Ke6 Kh7 61. f7 Kg7 62. Ke7 Kh7 63. f8=Q Kg6 64. Qf4 Kg7 65. Qf5 Kh6 66. Qg4 1-0

[Event "January 9 Late 2024"]
[Site "https://www.chess.com"]
[Date "2024.01.09"]
[Round "5"]
[White "Garcia Correa, Jose Ricardo"]
[Black "Balla, Tamas-Kristof"]
[Result "0-1"]
[Board "200"]
[TimeControl "180+1"]
[WhiteFideId "5101832"]
[BlackFideId "1208497"]
[WhiteElo "2213"]
[BlackElo "2424"]
[WhiteTeam "MEX"]
[BlackTeam "ROU"]
[WhiteClock "0:00:52"]
[BlackClock "0:00:15"]

1. e3 c5 2. c4 Nf6 3. Nc3 Nc6 4. d4 cxd4 5. exd4 d5 6. c5 g6 7. Bf4 Bg4 8. f3 Be6 9. Qd2 Bg7 10. h4 h5 11. Nh3 Bxh3 12. Rxh3 Nd7 13. Nxd5 e5 14. dxe5 Ndxe5 15. O-O-O O-O 16. Be2 Rc8 17. Kb1 Qe8 18. g4 hxg4 19. fxg4 Qe6 20. Re3 Rfd8 21. h5 gxh5 22. gxh5 Qf5+ 23. Ka1 Rxd5 24. Qxd5 Qxf4 25. Re4 Qh2 26. h6 Qxh6 27. Rg4 Nxg4 28. Bxg4 Rd8 29. Qb3 Rxd1+ 30. Qxd1 Qh2 31. Be2 Nd4 32. Bd3 Nf3 33. Bc2 Nd4 34. Bb1 Qe5 35. Qd3 Qxc5 36. a3 Qd5 37. Ba2 Qh1+ 38. Bb1 Qh2 39. Qc4 Nc6 40. Ba2 Qxb2# 0-1

[Event "January 9 Late 2024"]
[Site "https://www.chess.com"]
[Date "2024.01.09"]
[Round "5"]
[White "Korkmaz, Necmettin"]
[Black "Piscicelli, Daniel Orlando"]
[Result "1-0"]
[Board "201"]
[TimeControl "180+1"]
[WhiteFideId "6303285"]
[BlackFideId "101958"]
[WhiteElo "2414"]
[BlackElo "2175"]
[WhiteTeam "TUR"]
[BlackTeam "ARG"]
[WhiteClock "0:01:54"]
[BlackClock "0:01:57"]

1. e4 e5 2. Nf3 Nc6 3. Nc3 Nf6 4. d4 exd4 5. Nxd4 Bb4 6. Nxc6 bxc6 7. Bd3 O-O 8. O-O Re8 9. Bg5 Be7 10. e5 Nd5 11. Bd2 Rb8 12. Qh5 h6 13. Bxh6 g6 14. Bxg6 Nf4 15. Bxf7+ Kh8 16. Bxf4+ Kg7 17. Qg6+ Kh8 18. Qh6# 1-0

[Event "January 9 Late 2024"]
[Site "https://www.chess.com"]
[Date "2024.01.09"]
[Round "5"]
[White "Guzman Lozano, Campo Elias"]
[Black "Bueno, Alfeu Junior Varela"]
[Result "0-1"]
[Board "202"]
[TimeControl "180+1"]
[WhiteFideId "4403746"]
[BlackFideId "2108879"]
[WhiteElo "2164"]
[BlackElo "2385"]
[WhiteTeam "COL"]
[BlackTeam "BRA"]
[WhiteClock "0:01:28"]
[BlackClock "0:02:16"]

1. Nf3 e6 2. b3 f5 3. Bb2 b6 4. g3 Bb7 5. Bg2 Nf6 6. d3 Be7 7. O-O O-O 8. c4 Qe8 9. Nbd2 Qh5 10. Bxf6 Bxf6 11. Rb1 e5 12. e4 d6 13. exf5 Nd7 14. Ne4 Qxf5 15. Nxf6+ Qxf6 16. Nd2 Bxg2 17. Kxg2 Qg6 18. Ne4 Rf5 19. Rb2 Raf8 20. Qe1 Qh5 21. Qe2 Rf3 22. Nd2 Rxg3+ 23. fxg3 Qxe2+ 0-1

[Event "January 9 Late 2024"]
[Site "https://www.chess.com"]
[Date "2024.01.09"]
[Round "5"]
[White "Sanchez Alvares, Kelvin Antonio"]
[Black "Feliz Dotel, Dewar Bienvenido"]
[Result "1-0"]
[Board "203"]
[TimeControl "180+1"]
[WhiteFideId "3906680"]
[BlackFideId "6402801"]
[WhiteElo "2341"]
[BlackElo "2155"]
[WhiteTeam "VEN"]
[BlackTeam "DOM"]
[WhiteClock "0:00:06"]
[BlackClock "0:00:00"]

1. e4 c5 2. Nf3 g6 3. d4 cxd4 4. Nxd4 Nc6 5. c4 Nf6 6. Nc3 d6 7. Be3 Ng4 8. Bc1 Bg7 9. Nc2 Qb6 10. Qf3 Nd4 11. Nxd4 Bxd4 12. Nd1 Ne5 13. Qb3 Be6 14. Be3 Qa5+ 15. Bd2 Qc5 16. Be2 Bxc4 17. Bxc4 Qxc4 18. Qxc4 Nxc4 19. Bc3 Bxc3+ 20. Nxc3 Rc8 21. O-O Nxb2 22. Nd5 Rc5 23. Rab1 Nd3 24. Rxb7 O-O 25. Rxe7 Ra5 26. h3 Rxa2 27. Rd7 Kg7 28. Rxd6 Rb8 29. Rd7 Rbb2 30. Nc3 Rd2 31. Nxa2 1-0

[Event "January 9 Late 2024"]
[Site "https://www.chess.com"]
[Date "2024.01.09"]
[Round "5"]
[White "Joel Paul Ganta"]
[Black "Michalski, Olaf"]
[Result "0-1"]
[Board "204"]
[TimeControl "180+1"]
[WhiteFideId "35066145"]
[BlackFideId "1106740"]
[WhiteElo "2310"]
[BlackElo "2140"]
[WhiteTeam "IND"]
[BlackTeam "POL"]
[WhiteClock "0:00:57"]
[BlackClock "0:00:11"]

1. Nf3 d6 2. b3 e5 3. Bb2 f5 4. d3 Nf6 5. Nbd2 Be7 6. e4 O-O 7. Be2 Qe8 8. h3 f4 9. d4 exd4 10. Nxd4 Qg6 11. Bf3 Nc6 12. Nxc6 bxc6 13. c4 Nd7 14. Qc2 Ne5 15. O-O-O Bf6 16. Rhg1 Qh6 17. Kb1 c5 18. Ka1 a5 19. a4 Bb7 20. Nb1 Nxf3 21. gxf3 Qxh3 22. e5 dxe5 23. Rh1 Qxf3 24. Qxh7+ Kf7 25. Rd7+ Ke6 26. Rxc7 Qxh1 27. Qxh1 Bxh1 0-1

[Event "January 9 Late 2024"]
[Site "https://www.chess.com"]
[Date "2024.01.09"]
[Round "5"]
[White "Quirke, Jeffrey"]
[Black "Zhukov, Maksim"]
[Result "1-0"]
[Board "205"]
[TimeControl "180+1"]
[WhiteFideId "2013029"]
[BlackFideId "34181790"]
[WhiteElo "2131"]
[BlackElo "2279"]
[WhiteTeam "USA"]
[BlackTeam "RUS"]
[WhiteClock "0:00:12"]
[BlackClock "0:00:33"]

1. e4 c5 2. c3 e6 3. d4 cxd4 4. cxd4 a6 5. Nf3 b5 6. d5 Bb7 7. a4 b4 8. Bc4 Nf6 9. Nbd2 exd5 10. exd5 Bxd5 11. O-O Be7 12. Bxd5 Nxd5 13. Ne4 Nc7 14. Nd6+ Bxd6 15. Qxd6 Ne6 16. Re1 Qe7 17. Qd5 Nc6 18. Bg5 f6 19. Bf4 Kf7 20. Bd6 Qd8 21. Rac1 Qa5 22. Rc5 Qb6 23. a5 Qb7 24. Nd4 Rhe8 25. Nxe6 Rxe6 26. Rxe6 dxe6 27. Qxc6 Qxc6 28. Rxc6 Rd8 29. Rxa6 e5 30. g3 b3 31. Rb6 Ke6 32. Bb4+ Kf5 33. Bc3 Ke4 34. Kg2 f5 35. Rb4+ Kd3 36. Rxb3 Kc2 37. Rb7 e4 38. Rxg7 Kd1 39. Rf7 Rd5 40. Rxh7 Ke2 41. a6 Rd6 42. a7 f4 43. gxf4 Rg6+ 44. Kh3 e3 45. a8=Q Kxf2 46. Re7 e2 47. Rxe2+ Kxe2 48. Qg2+ Ke3 49. Qxg6 Kf3 50. f5 Kf4 51. f6 Ke3 52. f7 Ke2 53. f8=Q Kd1 54. Qf2 Kc1 55. Qgg1# 1-0

[Event "January 9 Late 2024"]
[Site "https://www.chess.com"]
[Date "2024.01.09"]
[Round "5"]
[White "Floresvillar Gonzalez, Luis Migu"]
[Black "Veloso, Henrique Barbosa"]
[Result "1-0"]
[Board "206"]
[TimeControl "180+1"]
[WhiteFideId "5100542"]
[BlackFideId "22784853"]
[WhiteElo "2128"]
[BlackElo "2261"]
[WhiteTeam "MEX"]
[BlackTeam "BRA"]
[WhiteClock "0:00:16"]
[BlackClock "0:00:00"]

1. d4 Nf6 2. c3 d5 3. Bg5 Ne4 4. h4 c5 5. e3 Qb6 6. Qb3 c4 7. Qxb6 axb6 8. Nd2 Nxd2 9. Kxd2 Be6 10. Ne2 b5 11. a3 Nc6 12. Re1 Bf5 13. Ng3 Bg4 14. f3 Bd7 15. e4 dxe4 16. fxe4 e5 17. d5 Na5 18. Be2 Bc5 19. Kc2 Nb3 20. Bf3 O-O 21. Be3 b6 22. Nf5 Bxf5 23. exf5 f6 24. Be4 Bxe3 25. Rxe3 Nc5 26. g4 Rad8 27. Bg2 Nd3 28. Rf1 Rd6 29. Be4 Nf4 30. g5 Nxd5 31. Bxd5+ Rxd5 32. gxf6 gxf6 33. Rg1+ Kh8 34. Reg3 Rd7 35. h5 Rfd8 36. h6 Rd2+ 37. Kc1 Rh2 38. Rg7 Rxh6 39. Rb7 Rh2 40. Rxb6 Rg8 41. Rxg8+ Kxg8 42. Rxf6 Rf2 43. Rb6 e4 44. Rxb5 e3 45. Re5 e2 46. Kd2 Rh2 47. Rxe2 Rh3 48. Re4 Rd3+ 49. Kc2 Kf7 50. Rxc4 Rf3 51. Rh4 Kf6 52. Rxh7 Rxf5 53. Rh8 Rf2+ 54. Kb3 Ke7 55. Rc8 Kd7 56. Rc4 Kd6 57. a4 Kd5 58. Rc8 Kd6 59. a5 Kd7 60. Rc4 Rf1 61. Kb4 Ra1 62. Kb5 Ra2 63. b4 Rh2 64. a6 Ra2 65. Kb6 Kd6 66. Rd4+ Ke5 67. a7 1-0

[Event "January 9 Late 2024"]
[Site "https://www.chess.com"]
[Date "2024.01.09"]
[Round "5"]
[White "Van Baar, Esper"]
[Black "Rose, Felix"]
[Result "0-1"]
[Board "207"]
[TimeControl "180+1"]
[WhiteFideId "1049321"]
[BlackFideId "5105722"]
[WhiteElo "2097"]
[BlackElo "2240"]
[WhiteTeam "NED"]
[BlackTeam "MEX"]
[WhiteClock "0:00:00"]
[BlackClock "0:00:13"]

1. d4 d5 2. Bf4 h5 3. h4 f6 4. Nf3 Nc6 5. c3 Bg4 6. Nbd2 Nh6 7. Qb3 Bc8 8. e3 a6 9. Bd3 Nf7 10. Bg6 e6 11. O-O-O Bd6 12. Bxd6 Qxd6 13. Rhe1 f5 14. Ng5 Nd8 15. Ndf3 Kf8 16. Nxf7 Nxf7 17. Bxf7 Kxf7 18. Ne5+ Kf6 19. f3 c5 20. e4 cxd4 21. cxd4 Qc7+ 22. Kb1 Rd8 23. Qe3 Ke7 24. exf5 Kf8 25. fxe6 Kg8 26. Ng6 Re8 27. Qg5 Bxe6 28. Qxh5 Rac8 29. Qh8+ Kf7 30. Ne5+ Kf6 31. Qh7 Bf5+ 32. Qxf5+ Kxf5 33. g4+ Kf6 34. g5+ Kf5 35. Ng4 Rxe1 0-1

[Event "January 9 Late 2024"]
[Site "https://www.chess.com"]
[Date "2024.01.09"]
[Round "5"]
[White "Rodriguez Dominguez, Melissa"]
[Black "Powell, Paul"]
[Result "1-0"]
[Board "208"]
[TimeControl "180+1"]
[WhiteFideId "3517560"]
[BlackFideId "2005840"]
[WhiteElo "2238"]
[BlackElo "2052"]
[WhiteTeam "CUB"]
[BlackTeam "USA"]
[WhiteClock "0:00:33"]
[BlackClock "0:00:00"]

1. e4 c5 2. Nf3 d6 3. d4 cxd4 4. Nxd4 Nf6 5. Nc3 g6 6. Be3 Bg7 7. f3 Nc6 8. Qd2 O-O 9. g4 Bxg4 10. fxg4 Nxg4 11. Bg1 h5 12. Nxc6 bxc6 13. h3 Ne5 14. Be2 Rb8 15. Rb1 Kh7 16. Bxa7 Ra8 17. Be3 e6 18. O-O d5 19. exd5 cxd5 20. Bg5 Qb6+ 21. Kh2 Rac8 22. Qf4 Nc4 23. Bxc4 Rxc4 24. Qg3 Qc6 25. Be7 d4 26. Bxf8 Bxf8 27. Rxf7+ Bg7 28. Qe5 1-0

[Event "January 9 Late 2024"]
[Site "https://www.chess.com"]
[Date "2024.01.09"]
[Round "5"]
[White "Hernandez Jimenez, Alexander Andres"]
[Black "Winkels, Marcel"]
[Result "1-0"]
[Board "209"]
[TimeControl "180+1"]
[WhiteFideId "3900452"]
[BlackFideId "1003887"]
[WhiteElo "2233"]
[BlackElo "1996"]
[WhiteTeam "VEN"]
[BlackTeam "NED"]
[WhiteClock "0:00:03"]
[BlackClock "0:00:00"]

1. e4 c5 2. Nf3 d6 3. d4 cxd4 4. Nxd4 Nf6 5. Nc3 a6 6. h3 e5 7. Nde2 b5 8. g4 Bb7 9. Bg2 Be7 10. Ng3 O-O 11. g5 Nfd7 12. h4 Nc5 13. Nf5 Nbd7 14. Be3 Rc8 15. O-O Nb6 16. Nd5 Nxd5 17. exd5 Re8 18. Nxe7+ Qxe7 19. c3 e4 20. Bxc5 Rxc5 21. Re1 Rxd5 22. Qg4 Re5 23. Re3 Qe6 24. Qg3 Qe7 25. Rae1 d5 26. f4 Re6 27. Bh3 Rc6 28. f5 Qe5 29. Qxe5 Rxe5 30. Kg2 Bc8 31. Rf1 f6 32. Kg3 Rd6 33. Kf4 Bb7 34. Rd1 Re8 35. Rd4 Red8 36. Bg2 Kf7 37. a3 Ke7 38. Bh3 Bc8 39. Bg4 Bb7 40. Bh3 a5 41. Bg4 Rb6 42. Bh3 Rdd6 43. Bg4 Bc8 44. Bh3 Bd7 45. Bg4 Bc8 46. Bh3 Rbc6 47. Bg4 Rc4 48. Rd2 b4 49. axb4 axb4 50. cxb4 Rxb4 51. Rc3 Kd7 52. Ke3 Ba6 53. h5 fxg5 54. f6+ Ke8 55. fxg7 Kf7 56. Rc7+ Kg8 57. Rf2 Rb8 58. Rff7 d4+ 59. Kxe4 d3 60. Rfe7 1-0

[Event "January 9 Late 2024"]
[Site "https://www.chess.com"]
[Date "2024.01.10"]
[Round "5"]
[White "Reinecke, Katharina"]
[Black "Wang, Alexander J"]
[Result "1-0"]
[Board "210"]
[TimeControl "180+1"]
[WhiteFideId "12929727"]
[BlackFideId "30955270"]
[WhiteElo "2019"]
[BlackElo "2221"]
[WhiteTeam "GER"]
[BlackTeam "USA"]
[WhiteClock "0:01:38"]
[BlackClock "0:01:12"]

1. d4 d5 2. Nf3 e6 3. g3 c5 4. Bg2 Nc6 5. e3 Nf6 6. O-O Be7 7. dxc5 Bxc5 8. b3 O-O 9. Bb2 Be7 10. Nbd2 b5 11. a4 Qb6 12. axb5 Qxb5 13. Nd4 Nxd4 14. Bxd4 a6 15. c4 Qd7 16. cxd5 exd5 17. Qe2 Bb7 18. Rfc1 Bc6 19. Nf3 Rac8 20. Ne5 Qe6 21. Nxc6 Rxc6 22. Rxc6 Qxc6 23. Rxa6 Qc1+ 24. Qf1 Rc8 25. Bxf6 Bxf6 26. Bxd5 Qxf1+ 27. Kxf1 h6 28. Ra7 1-0

[Event "January 9 Late 2024"]
[Site "https://www.chess.com"]
[Date "2024.01.09"]
[Round "5"]
[White "Celestino, Rafael Teixeira"]
[Black "Smirnov, Timofey"]
[Result "1-0"]
[Board "211"]
[TimeControl "180+1"]
[WhiteFideId "2108925"]
[BlackFideId "24176427"]
[WhiteElo "2217"]
[BlackElo "1985"]
[WhiteTeam "BRA"]
[BlackTeam "RUS"]
[WhiteClock "0:00:39"]
[BlackClock "0:00:02"]

1. e4 e5 2. Nf3 Nf6 3. Nxe5 d6 4. Nf3 Nxe4 5. d4 d5 6. Bd3 Nc6 7. O-O Be7 8. Re1 Bg4 9. Bxe4 dxe4 10. Rxe4 Bxf3 11. Qxf3 Nxd4 12. Qc3 Ne6 13. Nd2 Bf6 14. Qb4 b6 15. Nf3 c5 16. Qa4+ Qd7 17. Be3 Qxa4 18. Rxa4 Bxb2 19. Rb1 Bf6 20. Rxb6 O-O 21. Rb7 Rfb8 22. Rxb8+ Rxb8 23. g4 Nd4 24. Bxd4 cxd4 25. Rxa7 g6 26. Rd7 Rb1+ 27. Kg2 Rd1 28. a4 Ra1 29. Nxd4 Rxa4 30. c3 Ra3 31. Rc7 Be5 32. Rc5 Bd6 33. Rc8+ Kg7 34. Nb5 Ra6 35. c4 Be7 36. c5 Ra5 37. Nd6 Bxd6 38. cxd6 Rd5 39. Rd8 Kf6 40. f4 Ke6 41. Rh8 h5 42. gxh5 gxh5 43. Rh6+ Kd7 44. Kg3 Rd3+ 45. Kh4 Rd2 46. h3 Rxd6 47. Rxd6+ Kxd6 48. Kxh5 Ke6 49. Kg5 f6+ 50. Kg6 f5 51. Kg5 Kf7 52. Kxf5 Kg7 53. Kg5 Kf7 54. f5 Kg7 55. f6+ Kf7 56. Kf5 Kf8 57. Kg6 Kg8 58. f7+ Kf8 59. h4 Ke7 60. Kg7 1-0

[Event "January 9 Late 2024"]
[Site "https://www.chess.com"]
[Date "2024.01.09"]
[Round "6"]
[White "Nepomniachtchi, Ian"]
[Black "Tabatabaei, M. Amin"]
[Result "1-0"]
[Board "1"]
[TimeControl "180+1"]
[WhiteFideId "4168119"]
[BlackFideId "12521213"]
[WhiteElo "3129"]
[BlackElo "3101"]
[WhiteTeam "RUS"]
[BlackTeam "IRI"]
[WhiteClock "0:02:07"]
[BlackClock "0:00:03"]

1. e4 c6 2. d4 d5 3. Nc3 dxe4 4. Nxe4 Nf6 5. Nxf6+ exf6 6. Be3 Bd6 7. Bd3 Na6 8. a3 O-O 9. Ne2 Nc7 10. c4 Re8 11. Qc2 g6 12. O-O Bg4 13. Rfe1 Bxe2 14. Bxe2 Qd7 15. Bf1 Rad8 16. g3 Ne6 17. Rad1 Qc7 18. Bg2 c5 19. dxc5 Bxc5 20. Bxc5 Nxc5 21. Rxe8+ Rxe8 22. b4 Ne6 23. c5 Kg7 24. Qd3 b6 25. c6 Rd8 26. Qc2 Rxd1+ 27. Qxd1 Kf8 28. Qc1 h5 29. Bd5 Ke7 30. Bxe6 Kxe6 31. b5 Ke7 32. Qf4 Qxf4 33. gxf4 f5 34. Kf1 Kd6 35. Ke2 a6 36. a4 axb5 37. axb5 Ke6 38. Kd3 Kd6 39. Kd4 f6 40. h4 Ke6 41. c7 Kd7 42. Kd5 Kxc7 43. Ke6 g5 44. fxg5 fxg5 45. hxg5 h4 46. g6 h3 47. g7 h2 48. g8=Q h1=Q 49. Qf7+ Kb8 50. Qe8+ Kc7 51. Qd7+ Kb8 52. Qd8+ Kb7 53. Qd5+ Qxd5+ 54. Kxd5 Kc7 1-0

[Event "January 9 Late 2024"]
[Site "https://www.chess.com"]
[Date "2024.01.09"]
[Round "6"]
[White "Aronian, Levon"]
[Black "Van Foreest, Jorden"]
[Result "1/2-1/2"]
[Board "2"]
[TimeControl "180+1"]
[WhiteFideId "13300474"]
[BlackFideId "1039784"]
[WhiteElo "3117"]
[BlackElo "3042"]
[WhiteTeam "USA"]
[BlackTeam "NED"]
[WhiteClock "0:00:33"]
[BlackClock "0:00:48"]

1. e4 e5 2. Bc4 Nf6 3. d3 Bc5 4. Nf3 d6 5. O-O c6 6. c3 O-O 7. Bg5 Nbd7 8. Nbd2 Bb6 9. d4 Re8 10. Re1 h6 11. Bh4 Nf8 12. Bb3 Ng6 13. Bg3 Bc7 14. Nc4 Bg4 15. Ne3 Be6 16. Bc2 exd4 17. Nxd4 Bd7 18. f3 d5 19. Bxc7 Qxc7 20. exd5 cxd5 21. Bxg6 fxg6 22. Qd2 Qf4 23. Nf1 g5 24. Rxe8+ Rxe8 25. Re1 Rxe1 26. Qxe1 g4 27. Qe3 Qxe3+ 28. Nxe3 gxf3 29. Nxf3 Kf7 30. Kf2 Ke7 31. Nd4 g6 32. Kf3 Kd6 33. h4 Ke5 34. g3 g5 35. hxg5 hxg5 36. Ke2 Ne4 37. Nf3+ Kd6 38. g4 a5 39. a3 b6 40. Ke1 Bc8 41. Ke2 Ba6+ 42. Ke1 Bc8 43. Ke2 Ba6+ 44. Ke1 Bc8 1/2-1/2

[Event "January 9 Late 2024"]
[Site "https://www.chess.com"]
[Date "2024.01.09"]
[Round "6"]
[White "Dominguez Perez, Leinier"]
[Black "Andreikin, Dmitry"]
[Result "1/2-1/2"]
[Board "3"]
[TimeControl "180+1"]
[WhiteFideId "3503240"]
[BlackFideId "4158814"]
[WhiteElo "3005"]
[BlackElo "3107"]
[WhiteTeam "USA"]
[BlackTeam "FID"]
[WhiteClock "0:00:08"]
[BlackClock "0:00:03"]

1. e4 e5 2. Nf3 Nc6 3. Bb5 a6 4. Ba4 g6 5. d4 exd4 6. Nxd4 Bg7 7. Nxc6 dxc6 8. Qxd8+ Kxd8 9. Bb3 Ke7 10. Nc3 Be6 11. Bf4 Rc8 12. O-O-O Nf6 13. e5 Ng4 14. Bg5+ Ke8 15. Bxe6 fxe6 16. Ne4 Rf8 17. f3 Nxe5 18. Nc5 Rf5 19. Nxe6 Kf7 20. Nxg7 Rxg5 21. f4 Rxg2 22. fxe5 Kxg7 23. Rd7+ Kh6 24. Re1 Rf8 25. Rxc7 Rff2 26. Rxb7 Rxc2+ 27. Kb1 Rxh2 28. a4 Rce2 29. Rc1 Rxe5 30. Rxc6 a5 31. Rcc7 Kg5 32. Rxh7 Rxh7 33. Rxh7 Kf4 34. Ka2 g5 35. b4 Re2+ 36. Kb3 Re3+ 37. Kc4 Re4+ 38. Kb5 axb4 39. a5 b3 40. a6 Re1 41. Rh2 Ra1 42. Rb2 Ra3 43. Kb6 g4 44. a7 g3 45. Kb7 Kg4 46. a8=Q Rxa8 47. Kxa8 Kh3 48. Rxb3 Kh2 49. Rxg3 Kxg3 1/2-1/2

[Event "January 9 Late 2024"]
[Site "https://www.chess.com"]
[Date "2024.01.09"]
[Round "6"]
[White "Theodorou, Nikolas"]
[Black "Firouzja, Alireza"]
[Result "0-1"]
[Board "4"]
[TimeControl "180+1"]
[WhiteFideId "4262875"]
[BlackFideId "12573981"]
[WhiteElo "3039"]
[BlackElo "3164"]
[WhiteTeam "GRE"]
[BlackTeam "FRA"]
[WhiteClock "0:00:00"]
[BlackClock "0:00:03"]

1. Nf3 c5 2. b3 d6 3. c4 e5 4. Nc3 g6 5. e3 Bg7 6. Bb2 Nc6 7. d3 f5 8. g3 Nge7 9. Bg2 O-O 10. O-O a6 11. a3 h6 12. b4 cxb4 13. axb4 Nxb4 14. Ba3 Nec6 15. Nd5 Nxd5 16. cxd5 Na7 17. Nd2 Nb5 18. Bb2 Bd7 19. Nc4 Rc8 20. Qb3 Be8 21. f4 exf4 22. Bxg7 Kxg7 23. gxf4 Qf6 24. Kh1 Bf7 25. Rae1 Rfe8 26. Qb4 Rc5 27. Nb6 Qc3 28. Qb1 Na3 29. Qa2 Rb5 30. Rc1 Qb2 31. Qxb2+ Rxb2 32. Nc8 Nb5 33. e4 fxe4 34. dxe4 Rd2 35. Rfe1 g5 36. fxg5 hxg5 37. Kg1 Bg6 38. Re3 g4 39. h3 gxh3 40. Rxh3 Bxe4 41. Bxe4 Rxe4 42. Rg3+ Kf6 43. Nb6 Rf4 44. Nd7+ Kf5 45. Re1 Nd4 46. Kh1 Nf3 0-1